 Dungeon Crawl Stone Soup version 0.24.0-123-gd5b16e6ec5 (webtiles) character file.

Game seed: 10809529493584662545, levelgen mode: deterministic

52 Elellon the Conjurer (level 3, -1/19 HPs)
             Began as a Deep Elf Conjurer on Feb 13, 2020.
             Slain by an adder (5 damage)
             ... on level 2 of the Dungeon.
             The game lasted 00:01:58 (1441 turns).

Elellon the Conjurer (Deep Elf Conjurer)            Turns: 1441, Time: 00:01:58

Health: -1/19      AC:  3    Str:  6    XL:     3   Next: 60%
Magic:  3/10       EV: 14    Int: 19    God:
Gold:   55         SH:  0    Dex: 15    Spells: 9/10 levels left

rFire    . . .     SeeInvis .   (no weapon)
rCold    . . .     Gourm    .   (no shield)
rNeg     . . .     Faith    .   a - +0 robe
rPois    .         Spirit   .   (no helmet)
rElec    .         Reflect  .   (no cloak)
rCorr    .         Harm     .   (no gloves)
MR       .....                  g - +0 pair of boots
Stlth    ++........             (no amulet)
HPRegen  0.06/turn              l - +1 ring of evasion
MPRegen  0.12/turn              (no ring)

@: lethally poisoned (-1 -> -4)
A: no striking features
a: no special abilities


You were on level 2 of the Dungeon.
You were not hungry.

You visited 1 branch of the dungeon, and saw 2 of its levels.

You collected 55 gold pieces.

Inventory:

Armour
 a - a +0 robe (worn)
 g - a +0 pair of boots (worn)
Jewellery
 l - a +1 ring of evasion (left hand)
Scrolls
 d - 3 scrolls of remove curse {unknown}
 e - a scroll of noise {unknown}
 f - a scroll of fear {unknown}
 h - a scroll of random uselessness {unknown}
 i - 4 scrolls of identify {unknown}
 m - a scroll of teleportation {unknown}
Potions
 b - 2 potions of brilliance {unknown}
 k - a potion of berserk rage {unknown}
Comestibles
 c - 2 rations
 j - 4 chunks of flesh


   Skills:
 - Level 2.4 Dodging
 - Level 2.4 Stealth
 + Level 4.4 Spellcasting
 + Level 5.2 Conjurations


You had 9 spell levels left.
You knew the following spells:

 Your Spells              Type           Power        Failure   Level  Hunger
a - Magic Dart            Conj           ###.         1%          1    None

Your spell library contained the following spells:

 Spells                   Type           Power        Failure   Level  Hunger
 Searing Ray              Conj           ###...       2%          2    #......
 Dazzling Spray           Conj/Hex       ##....       14%         3    ###....
 Iskenderun's Mystic Bla  Conj           ###.....     16%         4    ####...
 Force Lance              Conj/Tloc      ##......     41%         4    ####...
 Fulminant Prism          Conj/Hex       ##........   41%         4    ####...


Dungeon Overview and Level Annotations

Branches:
Dungeon (2/15)

Altars:


Message History

Casting: Magic Dart (safe; 1% risk of failure)
Confirm with . or Enter, or press ? or * to list all spells.
You don't have enough magic to cast that spell.
An adder comes into view.
The adder bites you but does no damage.
You miss the adder. The adder closely misses you. The adder bites you. x2
The adder barely misses you. The jackal closely misses you.
The jackal barely misses you. The adder completely misses you.
The adder bites you.
You are poisoned.
The adder poisons you! The jackal barely misses you.
You feel sick. The adder bites you. The jackal closely misses you.
The adder closely misses you.
There is a stone staircase leading up here.
You feel sick. The jackal bites you.
* * * LOW HITPOINT WARNING * * *
The adder bites you.
You die...

.# ####### .# ##.....## #.#
##.......## ####.# #.#..#
#.........# #..... #.#..#
#.........# #..... #.#..#######
#.@.......# #..... ..#........##
#.hS......# #รท)...
........##..###.........####.....
#..#.##...#)).....g..............
.[....###...#...........#........
..............#.........#.##.....
(..#......................##.....
...#.....##.#..............#...[)
...#.....##....#.......##........


You could see an adder, a jackal and a hobgoblin (wandering).

Vanquished Creatures
  A worm (D:2)
  A bat (D:1)
  A giant cockroach (D:1)
  7 goblins
  11 hobgoblins
  8 jackals (D:2)
  6 kobolds
  A quokka (D:2)
  2 frilled lizards
  3 rats
41 creatures vanquished.

Notes
Turn   | Place    | Note
-------+----------+-------------------------------------------
     0 | D:1      | Elellon the Deep Elf Conjurer began the quest for the Orb.
     0 | D:1      | Reached XP level 1. HP: 10/10 MP: 6/6
   188 | D:1      | Reached XP level 2. HP: 15/15 MP: 5/8
   965 | D:2      | Reached XP level 3. HP: 19/19 MP: 1/10
   967 | D:2      | Reached skill level 5 in Conjurations
  1441 | D:2      | Slain by an adder

Levels and vault maps discovered:
D:1:      nicolae_arrival_washed_ashore, layout_loops_ring
D:2:      layout_rooms, marbit_many_paths

Skill      XL: |  1  2  3 |
---------------+----------+-----
Spellcasting   | 4 |  4.4
Conjurations   | 5 |  5.2
Dodging        | |  2.4
Stealth        | |  2.4

Action                   || total
-------------------------++-------
Melee: Unarmed           ||     1
 Cast: Magic Dart        ||    91
  Eat: Chunk             ||     1
Armor: Robe              ||     2
Dodge: Dodged            ||    16
